 Dungeon Crawl Stone Soup version 0.29.1-2-gbd0b4ee654 (webtiles) character file.

Game seed: 7707174496397327881

124 GeoRichter the Slasher (level 4, -4/26 HPs)
             Began as a Vampire Gladiator on Nov 13, 2022.
             Slain by an iguana (11 damage)
             ... on level 5 of the Dungeon.
             The game lasted 00:05:19 (2724 turns).

GeoRichter the Slasher (Vampire Gladiator)          Turns: 2724, Time: 00:05:20

Health: -4/26      AC:  5    Str: 13    XL:     4   Next: 81%
Magic:  4/4        EV: 13    Int: 10    God:
Gold:   113        SH:  0    Dex: 17    Spells: 3/3 levels left

rFire   . . .      SeeInvis +   a - +0 long sword
rCold   + + .      Faith    .   (no shield)
rNeg    + + +      Spirit   .   b - +0 leather armour
rPois   ∞          Reflect  .   c - +0 helmet
rElec   .          Harm     .   (no cloak)
rCorr   .          Rampage  .   (no gloves)
Will    .....                   g - +0 pair of boots
Stlth   +++.......              (no amulet)
HPRegen 0.00/turn               (no ring)
MPRegen 0.09/turn               (no ring)

@: bloodless, inhibited regen
A: bloodless, fangs 3, see invisible, vampiric 2
a: Bat Form, Revivify


You were on level 5 of the Dungeon.
You visited 1 branch of the dungeon, and saw 4 of its levels.

You collected 113 gold pieces.

Inventory:

Hand Weapons
 a - a +0 long sword (weapon)
Missiles
 d - 3 throwing nets {!f}
 e - a javelin (quivered)
Armour
 b - a +0 leather armour (worn)
 c - a +0 helmet (worn)
 g - a +0 pair of boots (worn)
   (You found it on level 1 of the Dungeon)
Scrolls
 n - a scroll of brand weapon {unknown}
 o - a scroll of noise {unknown}
 p - a scroll of magic mapping
 q - a scroll of blinking {unknown}
 s - a scroll of teleportation {@r4}
Potions
 f - a potion of magic {unknown}
 h - 3 potions of might
 i - a potion of mutation {unknown}
 j - a potion of attraction {unknown}
 k - 2 potions of curing {@q1}
 l - a potion of brilliance {unknown}
 m - 2 potions of flight


   Skills:
 - Level 1.7 Fighting
 * Level 5.6 Long Blades
 - Level 1.5 Throwing
 - Level 3.2 Dodging


You had 3 spell levels left.
You didn't know any spells.
Your spell library contained the following spells:

 Spells                   Type           Power      Damage    Failure   Level
 Sting                    Tmut/Pois      0%         1d3       43%         1
 Poisonous Vapours        Pois/Air       0%         N/A       58%         2
 Olgreb's Toxic Radiance  Pois           0%         N/A       99%         4
 Alistair's Intoxication  Tmut/Pois      0%         N/A       100%        5
 Borgnjor's Vile Clutch   Necr/Erth      0%         N/A       100%        5
 Eringya's Noxious Bog    Tmut/Pois      0%         N/A       100%        6


Dungeon Overview and Level Annotations

Branches:
Dungeon (3/15) Zot: 21238

Altars:

Shops:
D:1 (   D:2 =

Annotations:
D:3 Sigmund


Innate Abilities, Weirdness & Mutations

You do not regenerate when monsters are visible.
You are frail without blood (-20% HP).
You can heal yourself when you bite living creatures.
You are immune to poison.
You have razor-sharp teeth.
You have supernaturally acute eyesight. (SInv)
You are afflicted with vampirism and can become a bat while bloodless.


Message History

A gnoll comes into view. It is wielding a +0 flail.
A jackal comes into view.
Found a stone staircase leading down.
A jackal comes into view.
Found a leather armour.
Found 19 gold pieces.
A jackal comes into view.
The jackal barks!
The jackal closely misses you. x2
The jackal barks!
You slash the jackal!
You kill the jackal!
You hear a bark!
No target in view!
The jackal misses you.
You closely miss the jackal. Your bite misses the jackal.
The jackal bites you but does no damage.
You closely miss the jackal. The jackal misses you.
The jackal bites you but does no damage.
You hit the jackal.
You kill the jackal!
No target in view!
No target in view!
You see here a jackal corpse.
An iguana comes into view.
As you read the scroll labelled XAISOE NIUMN, it crumbles to dust.
It is a scroll of identify.
p - 2 scrolls of magic mapping
As you read the scroll of identify {@r1}, it crumbles to dust.
k - 3 potions of curing
As you read the scroll of magic mapping, it crumbles to dust.
You feel aware of your surroundings.
You sensed 2 altars, and 1 shop/portal.
As you read the scroll of identify {@r1}, it crumbles to dust.
m - 2 potions of flight
As you read the scroll of identify {@r1}, it crumbles to dust.
s - a scroll of teleportation You closely miss the iguana.
The iguana bites you!
You hit the iguana. You bite the iguana, but do no damage.
The iguana bites you.
* * * LOW HITPOINT WARNING * * *
You hit the iguana. The iguana bites you.
* * * LOW HITPOINT WARNING * * *
You barely miss the iguana.
The iguana hisses menacingly.
The iguana bites you!
* * * LOW HITPOINT WARNING * * *
You feel better.
The iguana bites you but does no damage.
You fail to use your ability.
The iguana bites you!
You die...

*,* *,,<,,,,,,,,*
*,* *******,,,,,*
*,* **,,,** ***
*,* **,** ****,,
*,* ####*,* #..,,*
*,* #..,,,* #.#*,,
*,* ##.##***
#.#***
*.######...####
#.#
*.......l@....#
#.#
*#######...##.#
####.# ##.###.#
##.##.#### #.#
#.###.#....... #.#
#.##.###.##### #.#
#.#†###......#
#.###.#..#..>.##.#
#.........#...#*,*
#####.[..###...,,,


You could see an iguana.

Vanquished Creatures
  A hound (D:2)
  4 adders
  4 worms (D:2)
  2 dart slugs
  3 ball pythons (D:1)
  5 bats
  4 endoplasms
  2 giant cockroaches
  4 goblins
  A hobgoblin (D:2)
  2 jackals (D:5)
  2 quokkas
  2 frilled lizards
  6 kobolds
  4 rats
  A bush (D:2)
47 creatures vanquished.

Vanquished Creatures (others)
  A bush (D:2)
  6 plants (D:2)
7 creatures vanquished.

Grand Total: 54 creatures vanquished

Notes
Turn   | Place    | Note
-------+----------+-------------------------------------------
     0 | D:1      | GeoRichter the Vampire Gladiator began the quest for the
                  | Orb.
     0 | D:1      | Reached XP level 1. HP: 16/16 MP: 1/1
   104 | D:1      | Found Lamyqampei's Weapon Shoppe.
   241 | D:1      | Reached XP level 2. HP: 17/22 MP: 2/2
   942 | D:2      | Reached skill level 4 in Long Blades
  1050 | D:2      | Found Ykakiy's Jewellery Shop.
  1182 | D:2      | Gained mutation: You are afflicted with vampirism and can
                  | become a bat while bloodless. [Vampire growth]
  1182 | D:2      | Reached XP level 3. HP: 19/21 MP: 3/3
  1951 | D:2      | Reached XP level 4. HP: 26/26 MP: 4/4
  1993 | D:2      | Reached skill level 5 in Long Blades
  2492 | D:3      | Noticed Sigmund
  2670 | D:3      | You fall into a shaft and drop 2 floors!
  2670 | D:5      | Entered Level 5 of the Dungeon
  2721 | D:5      | HP: 1/26 [iguana (7)]
  2724 | D:5      | Slain by an iguana

Illustrated notes

Levels and vault maps discovered:
D:1:      dpeg_arrival_water_fire, layout_loops_ring, serial_shops, shop
D:2:      layout_basic, serial_forest, infiniplex_forest_zigzag_1,
          infiniplex_forest_lined_1, infiniplex_forest_corner_1,
          infiniplex_forest_end_3, serial_shops, nicolae_square_shop
D:3:      layout_rooms, hellmonk_ecumenical_altar_run_dry, uniq_sigmund,
          uniq_crazy_yiuf_cottage
D:5:      layout_loops_ring, gammafunk_temple_overflow_statue,
          minmay_misc_feat_roman, doesnt_shop_hydraphobe, uniq_blork_the_orc,
          uniq_ijyb, uniq_edmund, uniq_eustachio

Skill      XL: |  1  2  3  4 |
---------------+-------------+-----
Long Blades    | 4 5 |  5.6
Fighting       | |  1.7
Throwing       | |  1.5
Dodging        | |  3.2

Action                   |  1- 3 |  4- 6 || total
-------------------------+-------+-------++-------
Melee: Long sword        |   114 |   104 ||   218
       Bite              |    12 |    14 ||    26
       Punch             |     1 |     1 ||     2
Throw: Javelin           |     1 |       ||     1
 Abil: Exsanguinate      |     1 |       ||     1
  Use: Scroll            |       |     5 ||     5
       Potion            |       |     1 ||     1
 Stab: Sleeping          |     4 |     2 ||     6
       Distracted        |     1 |       ||     1
Armor: Leather armour    |    39 |    11 ||    50
Dodge: Dodged            |    80 |    37 ||   117
